 Dungeon Sprint DCSS version 0.23.1 (webtiles) character file.

Game seed: 1048960987521896022

1759 sanboga the Cleaver (level 9, -2/64 HPs)
             Began as a Gargoyle Monk on Mar 5, 2019.
             Was an Elder of Trog.
             Slain by a manticore (3 damage)
             ... in the Dungeon (Sprint IX: "|||||||||||||||||||||||||||||").
             The game lasted 00:02:14 (337 turns).

sanboga the Cleaver (Gargoyle Monk)                  Turns: 337, Time: 00:02:15

Health: -2/64      AC: 22    Str: 21    XL:     9   Next: 7%
Magic:  9/9        EV:  8    Int: 11    God:    Trog [****..]
Gold:   0          SH:  0    Dex: 15    Spells: 8/8 levels left

rFire    . . .     SeeInvis .   k - +3 war axe (freeze)
rCold    . . .     Gourm    .   (no shield)
rNeg     + . .     Faith    .   l - +0 plate armour
rPois    ∞         Spirit   .   (no helmet)
rElec    +         Reflect  .   (no cloak)
rCorr    .         Harm     .   (no gloves)
MR       .....     NoTele   +   a - +0 pair of boots
Stlth    ..........             (no amulet)
HPRegen  0.20/turn              b - +3 ring of strength
MPRegen  0.11/turn              m - +3 ring of dexterity

@: berserk cooldown, slowed, very slow
A: negative energy resistance 1, electricity resistance, unbreathing,
petrification resistance, rot immunity, AC +6
a: Berserk, Trog's Hand, Brothers in Arms, Renounce Religion


You were in the Dungeon.
You worshipped Trog.
Trog was greatly pleased with you.
You were not hungry.

You visited 1 branch

Inventory:

Hand Weapons
 k - a +3 war axe of freezing (weapon)
Armour
 a - a +0 pair of boots (worn)
 l - a +0 plate armour (worn)
Jewellery
 b - a +3 ring of strength (left hand)
 m - a +3 ring of dexterity (right hand)
Wands
 j - a wand of acid (10)
Scrolls
 h - 3 scrolls of remove curse
 i - 2 scrolls of blinking
Potions
 d - 5 potions of curing
 e - 2 potions of heal wounds
 f - a potion of haste
 g - a potion of invisibility
Comestibles
 c - a ration


   Skills:
 + Level 11.2 Fighting
 * Level 12.8 Axes
 + Level 10.7 Armour
 - Level 2.4 Dodging
 - Level 2.1 Stealth


You had 8 spell levels left.
You didn't know any spells.
Your spell library was empty.

Dungeon Overview and Level Annotations

Branches:
Dungeon (1/1)

Altars:
Cheibriados
Dithmenos
Elyvilon
Fedhas
Gozag
Hepliaklqana
Kikubaaqudgha
Makhleb
Nemelex Xobeh
Okawaru
Qazlal
Ru
Sif Muna
Trog
Uskayaw
Vehumet
Wu Jian
Xom
Yredelemnul
Zin
The Shining One
Beogh
Jiyva
Lugonu


Innate Abilities, Weirdness & Mutations

You are resistant to torment.
Your stone body is resilient. (AC +6)
You are immune to poison.
You resist negative energy. (rN+)
You are resistant to electric shocks. (rElec)
You can survive without breathing.
You are immune to petrification.
You are immune to rotting.


Message History

The centaur hits you but does no damage. x2
You hit the centaur. You freeze the centaur.
You kill the centaur!
Trog accepts your kill.
The manticore flicks its tail.
The volley of spikes hits you but does no damage.
The manticore bites you! The manticore claws you.
* * * LOW HITPOINT WARNING * * *
The manticore claws you but does no damage.
Things that are here:
a +0 shortbow; 16 arrows You slash the manticore!
You freeze the manticore.
The manticore is moderately wounded.
The manticore bites you!
* * * LOW HITPOINT WARNING * * *
The manticore claws you but does no damage. x2
The manticore bites you.
* * * LOW HITPOINT WARNING * * *
The manticore claws you.
You die... ▓▓▓▓▓▓▓▓▓▓▓▓▓▓▓▓▓▓▓▓▓▓ +.zyH@)(....(.'..[.[)| ▓▓▓▓▓▓▓▓▓▓▓▓▓▓▓▓▓▓▓▓▓▓

You could see a manticore, a killer bee and a wight.

Vanquished Creatures
  A two-headed ogre (D)
  A tengu warrior (D)
  A centaur (D)
  An ogre (D)
  A bullfrog (D)
  2 scorpions (D)
  A killer bee (D)
  A crimson imp (D)
  2 hounds (D)
  A worker ant (D)
  An adder skeleton (D)
  A bat (D)
  A giant cockroach (D)
  A goblin (D)
  A jackal (D)
  A ball python (D)
  A rat (D)
19 creatures vanquished.

Notes
Turn   | Place    | Note
-------+----------+-------------------------------------------
     0 | D        | sanboga the Gargoyle Monk began the quest for the Orb.
     0 | D        | Reached XP level 1. HP: 14/14 MP: 1/1
    12 | D        | Reached skill level 3 in Axes
    13 | D        | Reached skill level 1 in Armour
    28 | D        | Noticed a hound
    28 | D        | Noticed an ogre
    28 | D        | Noticed a worker ant
    31 | D        | Killed a worker ant
    31 | D        | Reached skill level 4 in Axes
    31 | D        | Reached XP level 2. HP: 20/20 MP: 2/2
    31 | D        | Reached XP level 3. HP: 24/24 MP: 3/3
    38 | D        | Killed an ogre
    38 | D        | Reached skill level 6 in Axes
    38 | D        | Reached XP level 4. HP: 21/32 MP: 4/4
    42 | D        | Reached skill level 7 in Axes
    42 | D        | Reached skill level 5 in Armour
    42 | D        | Reached XP level 5. HP: 24/37 MP: 5/5
   222 | D        | Found a roughly hewn altar of Beogh.
   222 | D        | Found a snail-covered altar of Cheibriados.
   222 | D        | Found a shadowy altar of Dithmenos.
   222 | D        | Found a white marble altar of Elyvilon.
   222 | D        | Found a blossoming altar of Fedhas.
   222 | D        | Found an opulent altar of Gozag.
   223 | D        | Found a hazy altar of Hepliaklqana.
   224 | D        | Found a viscous altar of Jiyva.
   225 | D        | Found an ancient bone altar of Kikubaaqudgha.
   226 | D        | Found a corrupted altar of Lugonu.
   227 | D        | Found a burning altar of Makhleb.
   228 | D        | Found a sparkling altar of Nemelex Xobeh.
   229 | D        | Found an iron altar of Okawaru.
   230 | D        | Found a stormy altar of Qazlal.
   231 | D        | Found a sacrificial altar of Ru.
   232 | D        | Found a deep blue altar of Sif Muna.
   233 | D        | Found a bloodstained altar of Trog.
   234 | D        | Found a hide-covered altar of Uskayaw.
   235 | D        | Found a radiant altar of Vehumet.
   236 | D        | Found an ornate altar of the Wu Jian Council.
   237 | D        | Found a shimmering altar of Xom.
   238 | D        | Found a basalt altar of Yredelemnul.
   239 | D        | Found a glowing silver altar of Zin.
   240 | D        | Found a glowing golden altar of the Shining One.
   241 | D        | Became a worshipper of Trog the Wrathful
   241 | D        | Reached * piety under Trog
   241 | D        | Reached ** piety under Trog
   258 | D        | Found the +8 arc blade {discharge, rElec}
   293 | D        | Reached skill level 8 in Axes
   295 | D        | Reached XP level 6. HP: 42/44 MP: 6/6
   297 | D        | Reached *** piety under Trog
   297 | D        | Reached skill level 9 in Axes
   310 | D        | Noticed a manticore
   310 | D        | Noticed a two-headed ogre
   310 | D        | Noticed a tengu warrior
   318 | D        | Killed a tengu warrior
   318 | D        | Reached skill level 10 in Fighting
   318 | D        | Reached skill level 11 in Axes
   318 | D        | Reached XP level 7. HP: 52/52 MP: 7/7
   318 | D        | Reached XP level 8. HP: 57/57 MP: 8/8
   328 | D        | Killed a two-headed ogre
   328 | D        | Reached **** piety under Trog
   328 | D        | Reached skill level 12 in Axes
   328 | D        | Reached skill level 10 in Armour
   328 | D        | Reached XP level 9. HP: 17/64 MP: 9/9
   337 | D        | HP: 1/64 [manticore (6)]
   337 | D        | Slain by a manticore

Skill      XL: |  1  2  3  4  5  6  7  8 |
---------------+-------------------------+-----
Axes           | 4 6 7 8 11 12 | 12.8
Armour         | 2 4 5 6 9 10 | 10.7
Fighting       | 4 6 7 10 11 | 11.2
Dodging        | |  2.4
Stealth        | |  2.1

Action                   |  1- 3 |  4- 6 |  7- 9 || total
-------------------------+-------+-------+-------++-------
Melee: Hand axe          |    26 |     9 |       ||    35
       War axe           |       |    21 |    15 ||    36
Invok: Berserk           |       |     1 |       ||     1
  Use: Potion            |     1 |       |     1 ||     2
Armor: Robe              |     7 |     2 |       ||     9
       Plate armour      |       |    15 |    13 ||    28
Dodge: Dodged            |    18 |    13 |     6 ||    37
